 Dungeon Crawl Stone Soup version 0.28-a0-1518-gbe868bca14 (webtiles) character file.

Game seed: 12300245410703907079

1325 skittles the Changer (level 8, -1/59 (64) HPs)
             Began as a Black Draconian Transmuter on Jan 16, 2022.
             Succumbed to a scorpion's poison
             ... on level 6 of the Dungeon.
             The game lasted 00:16:40 (6502 turns).

skittles the Changer (Black Draconian Transmuter)   Turns: 6502, Time: 00:16:41

HP:   -1/59 (64)    AC:  2    Str: 19    XL:     8   Next: 34%
MP:   8/11          EV: 20    Int: 15    God:
Gold: 224           SH:  0    Dex: 15    Spells: 0/11 levels left

rFire   . . .      SeeInvis .     - Unarmed
rCold   . . .      Faith    .   (shield currently unavailable)
rNeg    . . .      Spirit   .   (armour unavailable)
rPois   x          Reflect  .   (helmet currently unavailable)
rElec   .          Harm     .   (cloak currently unavailable)
rCorr   .          Rampage  .   (gloves currently unavailable)
Will    .....                   (boots currently unavailable)
Stlth   +.........              (no amulet)
HPRegen 0.19/turn               c - +6 ring of strength
MPRegen 0.12/turn               (no ring)

@: brilliant, lethally poisoned (-1 -> -12), spider-form, drained
A: venomous fangs, (breathe lightning), AC +6, tiny, unfitting armour,
(electricity resistance), (cold-blooded), clumsy 1, robust 1
a: End Transformation


You were on level 6 of the Dungeon.
You were a venomous arachnid creature.
You visited 1 branch of the dungeon, and saw 6 of its levels.
You also visited: Sewer.

You collected 224 gold pieces.

Inventory:

Hand Weapons
 b - a +0 dagger of flaming
 j - a +2 flail of protection
 n - a +2 quarterstaff of chaos
Armour
 m - a +2 cloak (melded)
Jewellery
 c - a +6 ring of strength (left front leg)
Wands
 h - a wand of paralysis (10)
 o - a wand of charming (1)
Scrolls
 g - a scroll of teleportation
 i - a scroll of noise
 k - a scroll of fog
 p - a scroll of blinking
Potions
 d - a potion of attraction
 l - a potion of mutation


   Skills:
 - Level 1.1 Fighting
 * Level 3.6 Dodging
 + Level 5.5 Unarmed Combat
 - Level 2.2 Spellcasting
 - Level 5.7 Transmutations
 * Level 3.3 Ice Magic
 - Level 4.7 Poison Magic


You couldn't memorise any spells.
You knew the following spells:

 Your Spells              Type           Power      Damage    Failure   Level
a - Beastly Appendage     Tmut           56%        N/A       8%          1
b - Wereblood             Tmut           28%        N/A       11%         2
c - Spider Form           Tmut/Pois      25%        N/A       21%         3
d - Ice Form              Ice/Tmut       22%        N/A       56%         4
e - Sting                 Tmut/Pois      100%       1d8       10%         1

Your spell library contained the following spells:

 Spells                   Type           Power      Damage    Failure   Level
 Poisonous Vapours        Pois/Air       26%        N/A       28%         2
 Shock                    Conj/Air       8%         1d3       43%         1
 Olgreb's Toxic Radiance  Pois           23%        N/A       52%         4
 Swiftness                Air            2%         N/A       75%         3
 Airstrike                Air            1%         N/A       98%         4


Dungeon Overview and Level Annotations

Branches:
Dungeon (6/15)              Sewer (visited)
 Temple: D:4-7

Altars:
Gozag
Kikubaaqudgha
Qazlal
Trog
Zin
The Shining One


Innate Abilities, Weirdness & Mutations

You are a venomous arachnid creature.
You have poisonous fangs.
You are tiny and dextrous.
Your spellcasting is less reliable in this form.
Your armour is entirely melded.
You are incapable of wielding weapons or throwing items.
((You can breathe wild blasts of lightning.))
((Your glossy black scales are hard. (AC +6)))
You cannot fit into any form of body armour.
((You are resistant to electric shocks. (rElec)))
((You are cold-blooded and may be slowed by cold attacks.))
You are clumsy. (Dex -2)
You are robust. (+10% HP)


Message History

You are lethally poisoned!
The scorpion poisons you! The wight barely misses you.
You feel much better.
You feel extremely sick. The scorpion completely misses you.
The wight completely misses you. The scorpion barely misses you.
You feel better. The wight misses you. The scorpion closely misses you.
You feel better. The wight completely misses you. The scorpion misses you.
The wight hits you with a +4 dagger of freezing.
The wight freezes you.
You feel clever all of a sudden. The wight barely misses you.
The scorpion completely misses you.
The wight hits you with a +4 dagger of freezing.
You feel drained. The wight freezes you.
Casting: Spider Form (dangerous; 21% risk of failure)
Confirm with . or Enter, or press ? or * to list all spells.
You feel a surge of power!
You extend your transformation's duration.
The scorpion stings you!
You are poisoned.
The scorpion poisons you! The wight hits you with a +0 flail!
* * * LOW HITPOINT WARNING * * *
The wight hits you with a +4 dagger of freezing.
* * * LOW HITPOINT WARNING * * *
The wight freezes you.
* * * LOW HITPOINT WARNING * * *
You barely miss the wight.
The wight is severely damaged.
* * * LOW HITPOINT WARNING * * *
You feel very sick. The scorpion closely misses you.
The wight hits you but does no damage. The wight barely misses you.
You hit the wight but do no damage.
The wight is severely damaged.
* * * LOW HITPOINT WARNING * * *
You feel very sick. The scorpion closely misses you.
The wight completely misses you.
You hit the wight.
The wight is almost destroyed.
You die...

..........## #........#.#
#.......)... ........?# ###
.......###.## ##.#
.....##....### #########..#
##z....#......## ≈.≈≈≈≈≈≈÷..#
#zss...........#
#########..#####..#.(........#
#............#.....###...#..#
##........##.......##......#
.##........##.......#....<..#
........>#####.............##
........######.....#......##
...##.#.##........##.##..##
#.....###.........##..####


You could see a scorpion and 2 wights.

Vanquished Creatures
  A black bear (D:6)
  A necrophage (D:4)
  2 ogres (D:4)
  3 bullfrogs
  2 scorpions (D:4)
  A wight (D:6)
  A bullfrog zombie (D:5)
  A crimson imp (D:5)
  A jelly (D:3)
  An orc priest (D:4)
  2 hounds
  Crazy Yiuf (D:5)
  A bullfrog skeleton (D:5)
  Natasha (thrice) (D:4)
  An iguana (D:5)
  2 orc wizards (D:5)
  10 adders
  A worm (D:2)
  2 adder skeletons (D:4)
  A dart slug (D:4)
  12 orcs
  11 ball pythons
  5 bats
  8 endoplasms
  13 giant cockroaches
  9 goblins
  8 hobgoblins
  6 jackals
  17 quokkas
  10 frilled lizards
  A goblin skeleton (D:5)
  2 goblin zombies (D:5)
  3 hobgoblin zombies (D:5)
  11 kobolds
  A kobold skeleton (D:5)
  2 kobold zombies (D:5)
  An orc zombie (D:5)
  4 rats
162 creatures vanquished.

Vanquished Creatures (others)
  A wizard (D:3)
  A quokka (D:3)
2 creatures vanquished.

Grand Total: 164 creatures vanquished

Notes
Turn   | Place    | Note
-------+----------+-------------------------------------------
     0 | D:1      | skittles the Draconian Transmuter began the quest for the
                  | Orb.
     0 | D:1      | Reached XP level 1. HP: 16/16 MP: 3/3
   204 | D:1      | Reached XP level 2. HP: 19/23 MP: 3/5
   264 | D:1      | Learned a level 2 spell: Wereblood
   665 | D:1      | Reached XP level 3. HP: 25/28 MP: 4/6
   907 | D:1      | Found a faded altar of an unknown god.
   919 | D:1      | Learned a level 3 spell: Spider Form
  1080 | D:2      | Reached skill level 1 in Poison Magic
  1617 | D:3      | Reached XP level 4. HP: 17/35 MP: 4/7
  1951 | D:3      | Found a stormy altar of Qazlal.
  2047 | D:3      | Reached XP level 5. HP: 35/40 MP: 6/8
  2561 | D:3      | Found a bloodstained altar of Trog.
  2589 | D:3      | Noticed a wizard
  2595 | D:3      | Killed a wizard
  2865 | D:4      | Noticed an ogre
  2875 | D:4      | Killed an ogre
  2876 | D:4      | Reached XP level 6. HP: 20/47 MP: 7/9
  3373 | D:4      | Noticed Natasha
  3376 | D:4      | Killed Natasha
  3389 | D:4      | Reached skill level 5 in Transmutations
  3557 | D:4      | Noticed Natasha
  3565 | D:4      | Killed Natasha
  3620 | D:4      | Noticed Natasha
  3630 | D:4      | Killed Natasha
  3631 | D:4      | Your scales start taking on a glossy black colour.
  3631 | D:4      | Reached XP level 7. HP: 38/52 MP: 7/10
  3631 | D:4      | Gained mutation: You are resistant to electric shocks.
                  | (rElec) [Black Draconian growth]
  4006 | D:4      | Reached skill level 5 in Unarmed Combat
  4111 | D:4      | Learned a level 4 spell: Ice Form
  4372 | D:4      | Gained mutation: You are clumsy. (Dex -2) [potion of
                  | mutation]
  4372 | D:4      | Gained mutation: You are robust. (+10% HP) [potion of
                  | mutation]
  4375 | D:4      | Upgraded the game from 0.28-a0-1510-gd0f6b136d3 to
                  | 0.28-a0-1518-gbe868bca14
  4402 | D:5      | Entered Level 5 of the Dungeon
  4448 | D:5      | Found a glowing golden altar of the Shining One.
  4549 | D:5      | Reached skill level 1 in Ice Magic
  5156 | D:5      | Found a glowing silver altar of Zin.
  5156 | D:5      | Found an ancient bone altar of Kikubaaqudgha.
  5156 | D:5      | Found an opulent altar of Gozag.
  5237 | D:5      | Found a runed translucent door.
  5238 | D:5      | Noticed Crazy Yiuf
  5324 | D:5      | Killed Crazy Yiuf
  5325 | D:5      | Reached XP level 8. HP: 54/64 MP: 7/11
  5512 | D:6      | Learned a level 1 spell: Sting
  5519 | D:6      | Found a glowing drain.
  5528 | Sewer    | Entered a sewer
  6501 | D:6      | HP: 2/59 [poisoned by a scorpion]
  6502 | D:6      | Succumbed to a scorpion's poison

Illustrated notes

Levels and vault maps discovered:
D:1:      amcnicky_arrival_flooded_fountain, layout_rooms,
          shapermc_ecumenical_altar_hornbeckon
D:2:      layout_rooms
D:3:      layout_basic, trog_wizard, nicolae_qazlal_scattered_showers
D:4:      layout_loops_ring, hangedman_abyss_or_decor_stagger,
          kennysheep_potato, uniq_natasha
D:5:      cheibrodos_quashed, layout_rooms, gammafunk_temple_overflow_forgotten,
          nicolae_tso_besieged_by_evil, uniq_crazy_yiuf_cottage
D:6:      layout_cave_pools, nicolae_overflow_crystal_walls,
          minmay_temple_entry_trees, portal_sewer_entry_d

Skill      XL: |  1  2  3  4  5  6  7  8 |
---------------+-------------------------+-----
Transmutations | 3 4 5 |  5.7
Poison Magic   | 1 2 3 4 |  4.7
Unarmed Combat | 4 5 |  5.5
Dodging        | 2 3 |  3.6
Ice Magic      | 2 3 |  3.3
Fighting       | |  1.1
Spellcasting   | |  2.2

Action                   |  1- 3 |  4- 6 |  7- 9 || total
-------------------------+-------+-------+-------++-------
Melee: Unarmed           |    94 |   127 |   177 ||   398
       Kick              |    20 |    13 |     4 ||    37
       Punch             |     2 |     3 |       ||     5
       Headbutt          |     9 |     7 |     6 ||    22
       Tailslap          |     9 |     8 |     3 ||    20
 Cast: Beastly Appendage |    22 |    11 |     7 ||    40
       Wereblood         |     5 |     1 |     1 ||     7
       Spider Form       |       |     9 |    29 ||    38
       Sting             |       |       |     9 ||     9
 Abil: Breathe Lightning |       |       |     1 ||     1
  Use: Scroll            |     2 |     4 |     4 ||    10
       Potion            |       |     2 |     8 ||    10
Armor: Skin              |    38 |    40 |    21 ||    99
Dodge: Dodged            |    76 |   121 |   142 ||   339

Table legend: (Time is in decaauts)
 A = Elapsed time spent in this place.
 B = Non-inter-level travel time spent in this place.
 C = Inter-level travel time spent in this place.
 D = Time resting spent in this place.
 E = Time spent auto-exploring this place.
 F = Levels seen in this place.
 G = Mean time per level.
                   A        B        C        D        E       F      G
               +--------+--------+--------+--------+--------+-----+--------+
         Total |   6517 |   6423 |     94 |   2378 |   2700 |   7 |  931.0 |
       Dungeon |   5537 |   5443 |     94 |   1858 |   2489 |   6 |  922.8 |
         Sewer |    980 |    980 |      0 |    520 |    211 |   1 |  980.0 |
               +--------+--------+--------+--------+--------+-----+--------+

Top non-repeatable levels by time:
     D:4: 1643 daAuts
     D:3: 1167 daAuts
     D:5: 1016 daAuts
   Sewer: 980 daAuts
     D:1: 954 daAuts
     D:2: 617 daAuts
     D:6: 138 daAuts
